 Dungeon Crawl Stone Soup version 0.30-a0-1124-g6e8f0f562f (webtiles) character file.

Game seed: 12167357630043331018

89 CrazyBamboolord the Grave Robber (level 4, -5/29 (31) HPs)
             Began as a Demonspawn Necromancer on Apr 23, 2023.
             Succumbed to Robin's poison
             ... on level 3 of the Dungeon.
             The game lasted 00:06:35 (2576 turns).

CrazyBamboolord the Grave Robber (DsNe)             Turns: 2576, Time: 00:06:36

HP:   -5/29 (31)    AC:  5    Str:  8    XL:     4   Next: 31%
MP:   5/8           EV: 11    Int: 21    God:
Gold: 149           SH:  0    Dex: 13    Spells: 4/8 levels left

rFire   . . .        r - +0 dagger
rCold   . . .        (no shield)
rNeg    . . .        o - +0 leather armour "Zaxzub" {Int+2 Slay+2}
rPois   .            (helmet restricted)
rElec   .            (no cloak)
rCorr   .            (no gloves)
SInv    +            (no boots)
Will    .....        (no amulet)
Stlth   ++           h - ring of see invisible
HPRegen 0.24/turn    (no ring)
MPRegen 0.11/turn

%: no passive effects
@: brilliant, lethally poisoned (-5 -> -27), slowed, drained, very slow
A: antennae 1, molten scales 1
a: no special abilities


You were on level 3 of the Dungeon.
You visited 1 branch of the dungeon, and saw 3 of its levels.

You collected 149 gold pieces.

Inventory:

Hand Weapons
 r - a +0 dagger (weapon)
Armour
 o - the +0 leather armour "Zaxzub" (worn) {Int+2 Slay+2}
   (You found it on level 2 of the Dungeon)

   Int:       It affects your intelligence (+2).
   Slay:      It affects your accuracy & damage with ranged weapons and melee
   (+2).
Jewellery
 h - a ring of see invisible (left hand)
Scrolls
 c - a scroll of vulnerability {unknown}
 d - a scroll of enchant armour {unknown}
 e - a scroll of identify {unknown}
 f - 2 scrolls of magic mapping
 j - a scroll of fear {unknown}
 k - a scroll of enchant weapon {unknown}
 m - 2 scrolls of amnesia
 n - a scroll of poison {unknown}
 q - a scroll of acquirement {unknown}
Potions
 b - a potion of magic
 g - a potion of mutation {unknown}
 i - a potion of curing {unknown}
 l - a potion of heal wounds {unknown}
 p - 2 potions of haste {unknown}


   Skills:
 * Level 0.9 Fighting
 * Level 2.2 Dodging
 + Level 2.0 Stealth
 * Level 2.9 Spellcasting
 * Level 5.3 Necromancy


You had 4 spell levels left.
You knew the following spells:

 Your Spells              Type           Power      Damage    Failure   Level
a - Necrotise             Necr           100%       1d9       2%          1
b - Vampiric Draining     Necr           38%        2d8       7%          3

Your spell library contained the following spells:

 Spells                   Type           Power      Damage    Failure   Level
 Animate Dead             Necr           38%        N/A       22%         4
 Agony                    Necr           38%        N/A       52%         5


Dungeon Overview and Level Annotations

Branches:
Dungeon (3/15)

Altars:
Hepliaklqana

Annotations:
D:3 Jessica, Robin


Innate Abilities, Weirdness & Mutations

You have a pair of small antennae on your head.
You are partially covered in molten scales. (AC +2)


Message History

Aim: a goblin, wielding a +0 dagger (chance to affect: 93%)
The goblin writhes in agony.
You kill the goblin!
The goblin shouts! x3
The dead are walking!
The goblin hits your goblin skeleton with a +0 club.
Aiming: Necrotise (safe; 2% risk of failure)
Press: ? - help, Q - select action Shift-Dir - straight line, f - Jessica
Aim: Jessica, wielding a +0 dagger of draining and wearing a +0 robe (chance to affect: 88%) Jessica writhes in agony.
Jessica hits you with a +0 dagger of draining.
You feel drained. Robin throws the goblin at you!
The goblin hits your goblin skeleton with a +0 club.
Your goblin skeleton is destroyed!
The goblin hits you with a +2 dagger of venom.
You are poisoned.
Robin hits you from afar with a +1 trident of venom.
You are lethally poisoned!
Jessica hits you but does no damage.
You feel drained. The goblin barely misses you.
Aiming: Necrotise (safe; 2% risk of failure)
Press: ? - help, Q - select action Shift-Dir - straight line, f - goblin, p - Jessica
Aim: a goblin, wielding a +2 dagger of venom (chance to affect: 93%)
The goblin writhes in agony.
You kill the goblin!
The dead are walking!
You feel extremely sick. Jessica closely misses you.
Robin roars a battlecry!
The goblins go into a battle-frenzy!
You feel very sick. Jessica gestures at you while chanting.
Pain shoots through your body!
* * * LOW HITPOINT WARNING * * *
Robin hits you but does no damage.
You are more poisoned.
You see here a +2 dagger of venom.
It was a potion of brilliance.
You feel clever all of a sudden.
You die...

.# ##.## #.# .#
#.# #.# .# #.# #.#
.# #+# #)# ...
######.### ....
#........# .....
#.#.##.#.#
...ggg###......#.#
...gggg@@Z..###..#
....gg###..## ##.#
..... #..# #.#
...) #..## ##.#
... ###.###.## #+
##...## ##.## #.#
#.#


You could see Robin, Jessica (ally target), 2 hobgoblins, 6 goblins and a
friendly goblin skeleton.

Vanquished Creatures
  2 adders
  A worm (D:3)
  A dart slug (D:2)
  An orc (D:3)
  11 endoplasms
  A giant cockroach (D:3)
  6 goblins
  6 hobgoblins
  6 jackals
  4 quokkas
  3 ball pythons
  6 bats
  3 kobolds
  3 rats
54 creatures vanquished.

Vanquished Creatures (collateral kills)
  An endoplasm (D:1)
  A jackal (D:1)
2 creatures vanquished.

Vanquished Creatures (others)
  2 fungi (D:1)
  10 plants (D:3)
12 creatures vanquished.

Grand Total: 68 creatures vanquished

Notes
Turn   | Place    | Note
-------+----------+-------------------------------------------
     0 | D:1      | CrazyBamboolord the Demonspawn Necromancer began the quest
                  | for the Orb.
     0 | D:1      | Reached XP level 1. HP: 13/13 MP: 3/3
   172 | D:1      | Found a faded altar of an unknown god.
   305 | D:1      | Gained mutation: You are partially covered in molten
                  | scales. (AC +2) [demonic ancestry]
   305 | D:1      | Reached XP level 2. HP: 13/19 MP: 0/5
   987 | D:1      | Reached skill level 5 in Necromancy
   987 | D:1      | Reached XP level 3. HP: 24/24 MP: 1/6
  1042 | D:1      | Learned a level 3 spell: Vampiric Draining
  1477 | D:2      | Identified the +0 leather armour "Zaxzub" {Int+2 Slay+2}
  1608 | D:2      | You fall into a shaft and drop 1 floor!
  2128 | D:3      | Found a hazy altar of Hepliaklqana.
  2154 | D:3      | Gained mutation: You have a pair of small antennae on your
                  | head. [demonic ancestry]
  2154 | D:3      | Reached XP level 4. HP: 30/30 MP: 6/8
  2571 | D:3      | Noticed Jessica
  2571 | D:3      | Noticed Robin
  2576 | D:3      | Succumbed to Robin's poison

Illustrated notes

Levels and vault maps discovered:
D:1:      onia_arrival_pyramid, layout_basic, hellmonk_ecumenical_altar_zigzags,
          dreamdust_mushroom_princess, st_stairs_14, hangedman_decor_growths
D:2:      layout_rooms
D:3:      layout_loops_corners, nicolae_hepliaklqana_hazy_memory, serial_shops,
          shop, uniq_jessica, uniq_robin

Skill      XL: |  1  2  3 |
---------------+----------+-----
Dodging        | 2 |  2.2
Necromancy     | 5 |  5.3
Stealth        | 2 |  2.0
Fighting       | |  0.9
Spellcasting   | |  2.9

Action                     |  1- 3 |  4- 6 || total
---------------------------+-------+-------++-------
  Melee: Unarmed           |    23 |     4 ||    27
   Cast: Necrotise         |    81 |    21 ||   102
    Use: Scroll            |     2 |       ||     2
         Potion            |       |     1 ||     1
 Armour: Robe              |    10 |       ||    10
         Leather armour    |     3 |     6 ||     9
  Dodge: Dodged            |    24 |     6 ||    30

Table legend: (Time is in decaauts)
 A = Elapsed time spent in this place.
 B = Non-inter-level travel time spent in this place.
 C = Inter-level travel time spent in this place.
 D = Time resting spent in this place.
 E = Time spent auto-exploring this place.
 F = Levels seen in this place.
 G = Mean time per level.
                   A        B        C        D        E       F      G
               +--------+--------+--------+--------+--------+-----+--------+
         Total |   2577 |   2538 |     39 |      2 |   2163 |   3 |  859.0 |
       Dungeon |   2577 |   2538 |     39 |      2 |   2163 |   3 |  859.0 |
               +--------+--------+--------+--------+--------+-----+--------+

Top non-repeatable levels by time:
     D:1: 1313 daAuts
     D:3: 700 daAuts
     D:2: 563 daAuts
